 Dungeon Crawl Stone Soup version 0.27-a0-1140-g099f9bb0e8 (webtiles) character file.

Game seed: 11383753518687558764

281 polve the Cutter (level 6, -5/47 HPs)
             Began as a Demonspawn Abyssal Knight on May 8, 2021.
             Was a Believer of Lugonu.
             Slain by an ogre
             ... wielding a +0 giant spiked club
              (18 damage)
             ... on level 3 of the Dungeon.
             The game lasted 00:03:20 (4888 turns).

polve the Cutter (Demonspawn Abyssal Knight)        Turns: 4888, Time: 00:03:21

Health: -5/47      AC:  8    Str: 14    XL:     6   Next: 6%
Magic:  0/7        EV:  9    Int: 14    God:    Lugonu [**....]
Gold:   137        SH: 12    Dex: 12    Spells: 5/5 levels left

rFire    . . .     SeeInvis .   a - +1 short sword
rCold    . . .     Faith    .   o - +0 buckler
rNeg     . . .     Spirit   +   q - +0 ring mail
rPois    .         Reflect  +   h - +0 helmet
rElec    .         Harm     .   (no cloak)
rCorr    .         Rampage  .   d - +0 pair of gloves
Will     .....                  i - +0 pair of boots
Stlth    +.........             p - amulet of reflection
HPRegen  0.15/turn              (no ring)
MPRegen  0.20/turn              (no ring)

@: no status effects
A: magic shield, magic regeneration, condensation shield
a: Renounce Religion, Depart the Abyss, Bend Space


You were on level 3 of the Dungeon.
You worshipped Lugonu.
Lugonu was pleased with you.
You visited 1 branch of the dungeon, and saw 4 of its levels.
You visited the Abyss 1 time.

You collected 137 gold pieces.

Inventory:

Hand Weapons
 a - a +1 short sword (weapon)
Armour
 d - a +0 pair of gloves (worn)
 h - a +0 helmet (worn)
 i - a +0 pair of boots (worn)
 o - a +0 buckler (worn)
 q - a +0 ring mail (worn)
Jewellery
 p - an amulet of reflection (around neck)
Wands
 g - a wand of iceblast (6)
Scrolls
 c - a scroll of teleportation {unknown}
 e - 4 scrolls of identify {unknown}
 f - 2 scrolls of vulnerability {unknown}
 j - 2 scrolls of holy word {unknown}
 k - 2 scrolls of enchant weapon {unknown}
 l - a scroll of brand weapon {unknown}
 m - a scroll of blinking {unknown}
 n - 3 scrolls of fog {unknown}
 t - a scroll of immolation {unknown}
Potions
 b - a potion of might {unknown}
 r - 2 potions of resistance {unknown}
 s - a potion of flight {unknown}


   Skills:
 - Level 3.0 Fighting
 + Level 5.8 Short Blades
 - Level 1.7 Armour
 - Level 0.8 Dodging
 - Level 2.4 Invocations


You had 5 spell levels left.
You didn't know any spells.
Your spell library contained the following spells:

 Spells                   Type           Power      Damage    Failure   Level
 Animate Skeleton         Necr           0%         N/A       69%         1
 Apportation              Tloc           0%         N/A       69%         1
 Corona                   Hex            0%         N/A       69%         1
 Summon Small Mammal      Summ           0%         N/A       69%         1


Dungeon Overview and Level Annotations

Branches:
Dungeon (4/15)
 Temple: D:4-7

Altars:
Dithmenos


Innate Abilities, Weirdness & Mutations

When hurt, damage is shared between your health and your magic reserves.
You regenerate magic rapidly.
A meltable shield of frost defends you. (SH +4)


Message History

You block the adder's attack.
You miss the adder.
The adder is almost dead.
You block the adder's attack. The adder closely misses you.
You hit the adder.
You kill the adder!
Lugonu accepts your kill.
You see here a jackal corpse.
HP restored.
Done exploring.
There is a stone staircase leading down, spattered with blood here.
You climb downwards.
You block the hound skeleton's attack. x3
The hound skeleton bites you but does no damage.
The ogre barely misses you.
There is a stone staircase leading up here.
The hound skeleton closely misses you. You block the hound skeleton's attack.
You block the ogre's attack.
The hound skeleton bites you but does no damage.
The hound skeleton closely misses you.
You climb upwards.
There is a stone staircase leading down, spattered with blood here.
You barely miss the ogre. You hit the ogre but do no damage.
The ogre hits you with a +0 giant spiked club!!
You hit the ogre.
The ogre is lightly wounded.
The ogre hits you with a +0 giant spiked club!
* * * LOW HITPOINT WARNING * * *
You hit the ogre.
The ogre is moderately wounded.
You hit the ogre.
The ogre is heavily wounded.
The ogre barely misses you.
You barely miss the ogre.
The ogre is heavily wounded.
You block the ogre's attack.
You hit the ogre.
The ogre is severely wounded.
The ogre hits you with a +0 giant spiked club!!
You die...

##.###.###..####.##......# #.#
#.# #.# #.># #.##...#.#####.#
###.# #.# #..# #.##...#.......#
....###.###..####.##...#######.#
.........##............#######.#
###.####.##..............).....#
###.# #.########......#########
.<..# #.############.## #####
#.......O@†....#
################


You could see an ogre.

Vanquished Creatures
  A howler monkey (D:4)
  A hound (D:3)
  A jelly (D:4)
  Ijyb (D:3)
  A hound skeleton (D:4)
  Robin (D:3)
  7 adders
  A dart slug (D:3)
  10 ball pythons
  4 bats
  8 endoplasms
  A giant cockroach (D:4)
  8 goblins
  6 hobgoblins
  2 jackals (D:3)
  7 quokkas
  5 frilled lizards
  5 kobolds
  3 rats
73 creatures vanquished.

Notes
Turn   | Place    | Note
-------+----------+-------------------------------------------
     0 | Abyss:1  | polve the Demonspawn Abyssal Knight began the quest for the
                  | Orb.
     0 | Abyss:1  | Reached XP level 1. HP: 18/18 MP: 2/2
    46 | Abyss:1  | Noticed an orange demon
    47 | D:1      | Escaped the Abyss
    89 | D:1      | Reached skill level 2 in Short Blades
   476 | D:1      | Gained mutation: A meltable shield of frost defends you.
                  | (SH +4) [demonic ancestry]
   476 | D:1      | Reached XP level 2. HP: 24/24 MP: 3/3
   517 | D:1      | Reached * piety under Lugonu
   560 | D:1      | Found a faded altar of an unknown god.
   708 | D:1      | Reached skill level 3 in Short Blades
  1564 | D:2      | Gained mutation: You regenerate magic rapidly. [demonic
                  | ancestry]
  1564 | D:2      | Reached XP level 3. HP: 18/29 MP: 4/4
  2144 | D:2      | Found a shadowy altar of Dithmenos.
  2838 | D:3      | Reached skill level 4 in Short Blades
  2838 | D:3      | Reached XP level 4. HP: 25/35 MP: 5/5
  2979 | D:3      | Noticed Robin
  2995 | D:3      | Killed Robin
  3144 | D:3      | Noticed Ijyb
  3197 | D:3      | Killed Ijyb
  3705 | D:3      | Reached ** piety under Lugonu
  3893 | D:3      | Reached XP level 5. HP: 39/41 MP: 6/6
  4136 | D:4      | Reached skill level 5 in Short Blades
  4172 | D:4      | Noticed an ogre
  4173 | D:4      | Noticed an orc warrior
  4330 | D:4      | Noticed a phantom
  4679 | D:4      | Gained mutation: When hurt, damage is shared between your
                  | health and your magic reserves. [demonic ancestry]
  4679 | D:4      | Reached XP level 6. HP: 34/47 MP: 7/7
  4888 | D:3      | Slain by an ogre

Illustrated notes

Levels and vault maps discovered:
D:1:      arrival_zaba_pyramid, layout_loops_ring,
          chequers_ecumenical_altar_simple_redux, minmay_indecisive_spiral
D:2:      layout_loops_corners, basic_altar, minivault_5
D:3:      layout_loops_ring, minmay_pentangle, uniq_robin, uniq_ijyb
D:4:      layout_cave_pools, serial_shops, kennysheep_mini_moat,
          minmay_misc_feat_secret_circle

Skill      XL: |  1  2  3  4  5 |
---------------+----------------+-----
Short Blades   | 2 3 4 5 |  5.8
Fighting       | |  3.0
Armour         | |  1.7
Dodging        | |  0.8
Invocations    | |  2.4

Action                   |  1- 3 |  4- 6 || total
-------------------------+-------+-------++-------
Melee: Short sword       |   137 |   225 ||   362
Invok: Depart the Abyss  |     1 |       ||     1
       Bend Space        |       |     3 ||     3
  Use: Potion            |       |     4 ||     4
 Stab: Sleeping          |     3 |       ||     3
Armor: Leather armour    |    41 |    11 ||    52
       Ring mail         |       |    57 ||    57
Dodge: Dodged            |    60 |    79 ||   139
Block: Other             |    20 |       ||    20
       Buckler           |    13 |   144 ||   157
       Reflection        |       |     2 ||     2

Table legend: (Time is in decaauts)
 A = Elapsed time spent in this place.
 B = Non-inter-level travel time spent in this place.
 C = Inter-level travel time spent in this place.
 D = Time resting spent in this place.
 E = Time spent auto-exploring this place.
 F = Levels seen in this place.
 G = Mean time per level.
                   A        B        C        D        E       F      G
               +--------+--------+--------+--------+--------+-----+--------+
         Total |   4851 |   4622 |    229 |      0 |   3913 |   5 |  970.2 |
       Dungeon |   4804 |   4575 |    229 |      0 |   3867 |   4 | 1201.0 |
         Abyss |     47 |     47 |      0 |      0 |     46 |   1 |   47.0 |
               +--------+--------+--------+--------+--------+-----+--------+

Top non-repeatable levels by time:
     D:3: 1986 daAuts
     D:2: 1342 daAuts
     D:1: 1239 daAuts
     D:4: 236 daAuts
 Abyss:1: 47 daAuts
